 Dungeon Crawl Stone Soup version 0.29-a0-1027-gcd8c55af63 (webtiles) character file.

Game seed: 9089568710954454802

7 gelatine the Stinger (level 1, 0/13 HPs)
             Began as a Demonspawn Venom Mage on Aug 13, 2022.
             Slain by a quokka (2 damage)
             ... on level 1 of the Dungeon.
             The game lasted 00:00:54 (557 turns).

gelatine the Stinger (Demonspawn Venom Mage)         Turns: 557, Time: 00:00:55

Health: 0/13       AC:  2    Str:  8    XL:     1   Next: 83%
Magic:  0/3        EV: 12    Int: 16    God:
Gold:   18         SH:  0    Dex: 13    Spells: 3/4 levels left

rFire   . . .      SeeInvis .   c - +0 club
rCold   . . .      Faith    .   (no shield)
rNeg    . . .      Spirit   .   a - +0 robe
rPois   +          Reflect  .   (no helmet)
rElec   .          Harm     .   (no cloak)
rCorr   .          Rampage  .   (no gloves)
Will    .....                   (no boots)
Stlth   ++........              (no amulet)
HPRegen 0.04/turn               d - ring of poison resistance
MPRegen 0.08/turn               (no ring)

@: no status effects
A: no striking features
a: no special abilities


You were on level 1 of the Dungeon.
You visited 1 branch of the dungeon, and saw 1 of its levels.

You collected 18 gold pieces.

Inventory:

Hand Weapons
 c - a +0 club (weapon)
Armour
 a - a +0 robe (worn)
Jewellery
 d - a ring of poison resistance (left hand)
Scrolls
 g - a scroll of identify {unknown}
Potions
 b - a potion of magic
 e - a potion of brilliance {unknown}
 f - a potion of flight {unknown}


   Skills:
 + Level 1.8 Dodging
 + Level 1.8 Stealth
 + Level 2.1 Spellcasting
 + Level 0.9 Transmutations
 + Level 3.2 Poison Magic


You had 3 spell levels left.
You knew the following spells:

 Your Spells              Type           Power      Damage    Failure   Level
a - Sting                 Tmut/Pois      32%        1d4       9%          1

Your spell library contained the following spells:

 Spells                   Type           Power      Damage    Failure   Level
 Poisonous Vapours        Pois/Air       12%        N/A       16%         2
 Mephitic Cloud           Conj/Pois/Air  5%         N/A       36%         3
 Olgreb's Toxic Radiance  Pois           12%        N/A       47%         4


Dungeon Overview and Level Annotations

Branches:
Dungeon (1/15)

Altars:


Message History

The goblin shouts!
Found a sling.
You can't see any susceptible monsters within range! (Use Z to cast anyway.)
Found 9 gold pieces.
The sting hits the goblin.
The goblin is poisoned.
The goblin is moderately wounded.
The sting hits the goblin.
The goblin looks even sicker.
You kill the goblin!
You can't see any susceptible monsters within range! (Use Z to cast anyway.)
g - a scroll labelled WALO ARAPIN You now have 18 gold pieces (gained 9).
You open the door. You open the door.
Found a sling.
A kobold comes into view. It is wielding a +0 dagger.
The kobold shouts!
There is an open door here.
A quokka comes into view.
The sting misses the kobold.
You miscast Sting.
You are very lightly contaminated with residual magic.
Nothing appears to happen.
The sting misses the kobold.
The kobold hits you with a +0 dagger.
You completely miss the kobold. The kobold hits you with a +0 dagger.
You hit the kobold but do no damage. The kobold hits you with a +0 dagger.
The kobold hits you but does no damage.
You are too injured to fight recklessly!
You hit the kobold but do no damage. The kobold hits you with a +0 dagger.
* * * LOW HITPOINT WARNING * * *
The quokka twitches its whiskers.
The quokka barely misses you. The quokka closely misses you.
Your magical contamination has completely faded away.
There is an open door here.
The kobold attacks as you move away! The kobold hits you with a +0 dagger.
* * * LOW HITPOINT WARNING * * *
The quokka attacks as you move away! The quokka closely misses you.
A giant cockroach comes into view.
The quokka bites you.
You die...

..... ########## #
.....# #..).....###.# .#
.....# #...............#
.....# #........... ....
.....# #........####...#
.....# #..............
.....# #####+#'#....#
.....# #.#K##...#...
.....#######'#.r@.....B.
..............########..
.....................
###............###### #
#............# #
#............# #
#.########+#.... #.#
#### #.#


You could see a quokka, a giant cockroach (asleep) and a kobold.

Vanquished Creatures
  A ball python (D:1)
  A goblin (D:1)
  A hobgoblin (D:1)
  A kobold (D:1)
  2 rats (D:1)
6 creatures vanquished.

Notes
Turn   | Place    | Note
-------+----------+-------------------------------------------
     0 | D:1      | gelatine the Demonspawn Venom Mage began the quest for the
                  | Orb.
     0 | D:1      | Reached XP level 1. HP: 13/13 MP: 3/3
   557 | D:1      | Slain by a quokka

Illustrated notes

Levels and vault maps discovered:
D:1:      dpeg_arrival_line_fractal, layout_basic, minmay_indecisive_spiral

Action                   || total
-------------------------++-------
Melee: Club              ||     5
       Unarmed           ||     3
 Cast: Sting             ||    11
Armor: Robe              ||     1
Dodge: Dodged            ||     6

Table legend: (Time is in decaauts)
 A = Elapsed time spent in this place.
 B = Non-inter-level travel time spent in this place.
 C = Inter-level travel time spent in this place.
 D = Time resting spent in this place.
 E = Time spent auto-exploring this place.
 F = Levels seen in this place.
 G = Mean time per level.
                   A        B        C        D        E       F      G
               +--------+--------+--------+--------+--------+-----+--------+
         Total |    557 |    557 |      0 |      0 |    498 |   1 |  557.0 |
       Dungeon |    557 |    557 |      0 |      0 |    498 |   1 |  557.0 |
               +--------+--------+--------+--------+--------+-----+--------+

Top non-repeatable levels by time:
     D:1: 557 daAuts
